3A
BELLEVILLE BULLS @ GRIM REAPERS
08/12/2034
 
TOP OF THE 1ST
Belleville Bulls batting - Pitching for Grim Reapers : LHP Jerry Hamm
Pitching: LHP Jerry Hamm
Batting: SHB Júlio Moreno 0-0: Ground out 5-3 (Groundball, 5)
Batting: RHB Glenn Curtis 0-0: Ball
1-0: Foul Ball, location: 2F
1-1: Ball
2-1: Foul Ball, location: 2F
2-2: Fly out, F7 (Flyball, 78S)
Batting: RHB Rey McSriff 0-0: Foul Ball, location: 2F
0-1: Fly out, F4 (Line Drive, 4)
Top of the 1st over - 0 runs, 0 hits, 0 errors, 0 left on base; Belleville 0 - Grim 0
BOTTOM OF THE 1ST
Grim Reapers batting - Pitching for Belleville Bulls : RHP Hirotsugu Kobayashi
Pitching: RHP Hirotsugu Kobayashi
Batting: RHB Tsuneari Hirano 0-0: Fly out, F7 (Line Drive, 7D)
Batting: SHB Tekkan Hayagawa 0-0: Fly out, F9 (Flyball, 89S)
Batting: RHB Bearooz Yacoobi 0-0: Ball
1-0: Ball
2-0: Called Strike
2-1: Ball
3-1: Swinging Strike
3-2: Fly out, F8 (Flyball, 89M)
Bottom of the 1st over - 0 runs, 0 hits, 0 errors, 0 left on base; Belleville 0 - Grim 0
TOP OF THE 2ND
Belleville Bulls batting - Pitching for Grim Reapers : LHP Jerry Hamm
Batting: RHB Kazunari Mizuno 0-0: Ball
1-0: Ground out 1-3 (Groundball, P)
Batting: RHB Gary Goodwin 0-0: Called Strike
0-1: Ball
1-1: Ground out 4-3 (Groundball, 4)
Batting: RHB Cary Collins 0-0: Ball
1-0: Ball
2-0: DOUBLE (Flyball, 8RD)
Batting: LHB Juan Rodríguez 0-0: Ground out 4-3 (Groundball, 4)
Top of the 2nd over - 0 runs, 1 hit, 0 errors, 1 left on base; Belleville 0 - Grim 0
BOTTOM OF THE 2ND
Grim Reapers batting - Pitching for Belleville Bulls : RHP Hirotsugu Kobayashi
Batting: LHB Semo Hoaloha 0-0: Ball
1-0: Called Strike
1-1: Ball
2-1: Ball
3-1: Base on Balls
Batting: RHB Jaxton Goleta 0-0: Ball
1-0: Ball
2-0: Ball
3-0: Called Strike
3-1: Swinging Strike
3-2: Base on Balls
Semo Hoaloha to second
Batting: SHB Takechi Yamashita 0-0: Ball
1-0: Ball
2-0: Ball
3-0: Base on Balls
Semo Hoaloha to third
Jaxton Goleta to second
Batting: RHB Joe Rodgers 0-0: Swinging Strike
0-1: SINGLE (Groundball, 4MD)
Semo Hoaloha scores
Jaxton Goleta to third
Takechi Yamashita to second
Batting: RHB Chi-eun Mun 0-0: Called Strike
0-1: Ball
1-1: Ball
2-1: Ball
3-1: Grounds into double play, 6-4-3 (Groundball, 6)
Jaxton Goleta scores
Takechi Yamashita to third
Batting: RHB Marvin Strickland 0-0: Called Strike
0-1: Foul Ball, location: 2F
0-2: Hit by Pitch
Batting: RHB Tsuneari Hirano 0-0: Ball
1-0: Ball
2-0: Ball
3-0: Base on Balls
Marvin Strickland to second
Batting: SHB Tekkan Hayagawa 0-0: Foul Ball, location: 2F
0-1: Ball
1-1: Foul Ball, location: 2F
1-2: Ball
2-2: SINGLE (Groundball, 34D)
Takechi Yamashita scores
Marvin Strickland to third
Tsuneari Hirano to second
Runner from 3rd tries for Home, SAFE, no throw
Batting: RHB Bearooz Yacoobi 0-0: Ball
1-0: SINGLE (Flyball, 9LS)
Tsuneari Hirano to third
Tekkan Hayagawa to second
Runner from 3rd tries for Home, SAFE, no throw
Batting: LHB Semo Hoaloha 0-0: Called Strike
0-1: Ball
1-1: Ball
2-1: Ground out 4-3 (Groundball, 4M)
Bottom of the 2nd over - 5 runs, 3 hits, 0 errors, 2 left on base; Belleville 0 - Grim 5
TOP OF THE 3RD
Belleville Bulls batting - Pitching for Grim Reapers : LHP Jerry Hamm
Batting: RHB Aron Cruickshank 0-0: SINGLE (Groundball, 56D)
Batting: RHB Yoshihide Hirata 0-0: Called Strike
0-1: Reached on error, E6 (Groundball, 6)
Aron Cruickshank to second
Batting: SHB Júlio Moreno 0-0: Swinging Strike
0-1: Grounds into double play, 4-6-3 (Groundball, 4)
Aron Cruickshank to third
Batting: RHB Glenn Curtis 0-0: Foul Ball, location: 2F
0-1: Swinging Strike
0-2: Ball
1-2: Ball
2-2: Reached on error, E6 (Groundball, 6D)
Aron Cruickshank scores
Batting: RHB Rey McSriff 0-0: Foul Ball, location: 2F
0-1: TRIPLE (Flyball, 89XD)
Glenn Curtis scores
Batting: RHB Kazunari Mizuno 0-0: Ball
1-0: Ground out 5-3 (Groundball, 56)
Top of the 3rd over - 2 runs, 2 hits, 2 errors, 1 left on base; Belleville 2 - Grim 5
BOTTOM OF THE 3RD
Grim Reapers batting - Pitching for Belleville Bulls : RHP Hirotsugu Kobayashi
Batting: RHB Jaxton Goleta 0-0: Ball
1-0: Foul Ball, location: 2F
1-1: Foul Ball, location: 2F
1-2: Foul Ball, location: 2F
1-2: Ball
2-2: Strikes out swinging
Batting: SHB Takechi Yamashita 0-0: Ground out 4-3 (Groundball, 34)
Batting: RHB Joe Rodgers 0-0: Ball
1-0: Foul Ball, location: 2F
1-1: Ball
2-1: Ground out 6-3 (Groundball, 6)
Bottom of the 3rd over - 0 runs, 0 hits, 0 errors, 0 left on base; Belleville 2 - Grim 5
TOP OF THE 4TH
Belleville Bulls batting - Pitching for Grim Reapers : LHP Jerry Hamm
Batting: RHB Gary Goodwin 0-0: Called Strike
0-1: Ball
1-1: Fly out, F8 (Flyball, 8RD)
Batting: RHB Cary Collins 0-0: Foul Ball, location: 2F
0-1: SINGLE (Line Drive, 8LS)
Batting: LHB Juan Rodríguez 0-0: Ball
1-0: Ball
2-0: SINGLE (Groundball, 34D)
Cary Collins to second
Runner from 2nd tries for 3rd, SAFE, no throw
Batting: RHB Aron Cruickshank 0-0: Ball
1-0: Called Strike
1-1: SINGLE (Groundball, 56S) (infield hit)
Cary Collins scores
Juan Rodríguez to second
Batting: RHB Yoshihide Hirata 0-0: Ball
1-0: Ball
2-0: Called Strike
2-1: Foul Ball, location: 2F
2-2: Ball
3-2: Base on Balls
Juan Rodríguez to third
Aron Cruickshank to second
Batting: SHB Júlio Moreno 0-0: Swinging Strike
0-1: Foul Ball, location: 2F
0-2: SINGLE (Groundball, 15S) (infield hit)
Juan Rodríguez scores
Aron Cruickshank to third
Yoshihide Hirata to second
Batting: RHB Glenn Curtis 0-0: Foul Ball, location: 2F
0-1: Swinging Strike
0-2: Strikes out swinging
Batting: RHB Rey McSriff 0-0: Ball
1-0: Ball
2-0: Ball
3-0: Called Strike
3-1: Swinging Strike
3-2: Strikes out swinging
Top of the 4th over - 2 runs, 4 hits, 0 errors, 3 left on base; Belleville 4 - Grim 5
BOTTOM OF THE 4TH
Grim Reapers batting - Pitching for Belleville Bulls : RHP Hirotsugu Kobayashi
Batting: RHB Chi-eun Mun 0-0: Ball
1-0: Swinging Strike
1-1: Called Strike
1-2: Ball
2-2: Strikes out swinging
Batting: RHB Marvin Strickland 0-0: Called Strike
0-1: Ball
1-1: Foul Ball, location: 2F
1-2: Ball
2-2: Ground out 1-3 (Groundball, 13)
Batting: RHB Tsuneari Hirano 0-0: Ball
1-0: Ball
2-0: Called Strike
2-1: Called Strike
2-2: Strikes out looking
Bottom of the 4th over - 0 runs, 0 hits, 0 errors, 0 left on base; Belleville 4 - Grim 5
TOP OF THE 5TH
Belleville Bulls batting - Pitching for Grim Reapers : LHP Jerry Hamm
Batting: RHB Kazunari Mizuno 0-0: Ball
1-0: Foul Ball, location: 2F
1-1: Foul Ball, location: 2F
1-2: Ground out 6-3 (Groundball, 6)
Batting: RHB Gary Goodwin 0-0: Ball
1-0: Foul Ball, location: 2F
1-1: Ball
2-1: Ground out 6-3 (Groundball, 56)
Batting: RHB Cary Collins 0-0: Ground out 6-3 (Groundball, 6)
Top of the 5th over - 0 runs, 0 hits, 0 errors, 0 left on base; Belleville 4 - Grim 5
BOTTOM OF THE 5TH
Grim Reapers batting - Pitching for Belleville Bulls : RHP Hirotsugu Kobayashi
Pitching: LHP Adrián Medrano
Batting: SHB Tekkan Hayagawa 0-0: Swinging Strike
0-1: Ball
1-1: SINGLE (Groundball, 6MD)
Batting: RHB Bearooz Yacoobi 0-0: 2-RUN HOME RUN (Flyball, 7D), Distance : 386 ft
Batting: LHB Semo Hoaloha 0-0: DOUBLE (Line Drive, 89M)
Batting: RHB Jaxton Goleta 0-0: Ball
1-0: Ball
2-0: Called Strike
2-1: Ball
3-1: SINGLE (Groundball, 56D)
Semo Hoaloha to third
Runner from 3rd tries for Home, SAFE, no throw
Pitching: RHP Lawrence Parsons
Batting: SHB Takechi Yamashita 0-0: Swinging Strike
0-1: Called Strike
0-2: Grounds into double play, 4-6-3 (Groundball, 4)
Batting: RHB Joe Rodgers 0-0: Called Strike
0-1: Ground out 4-3 (Groundball, 34)
Bottom of the 5th over - 3 runs, 4 hits, 0 errors, 0 left on base; Belleville 4 - Grim 8
TOP OF THE 6TH
Belleville Bulls batting - Pitching for Grim Reapers : LHP Jerry Hamm
Batting: LHB Juan Rodríguez 0-0: SINGLE (Groundball, 6MD)
Batting: RHB Aron Cruickshank 0-0: Called Strike
0-1: Ball
1-1: Called Strike
1-2: Strikes out swinging
Batting: RHB Yoshihide Hirata 0-0: Fly out, F7 (Flyball, 7S)
Batting: SHB Júlio Moreno 0-0: Ball
1-0: Foul Ball, location: 2F
1-1: Foul Ball, location: 2F
1-2: Foul Ball, location: 2F
1-2: DOUBLE (Flyball, 89D)
Juan Rodríguez to third
Batting: RHB Glenn Curtis 0-0: Ball
1-0: Foul Ball, location: 2F
1-1: SINGLE (Line Drive, 56D)
Juan Rodríguez scores
Júlio Moreno to third
Runner from 3rd tries for Home, SAFE, no throw
Pitching: RHP Troy Moore
Batting: RHB Rey McSriff 0-0: Foul Ball, location: 2F
0-1: Ball
1-1: Fly out, F8 (Flyball, 8RXD)
Top of the 6th over - 2 runs, 3 hits, 0 errors, 1 left on base; Belleville 6 - Grim 8
BOTTOM OF THE 6TH
Grim Reapers batting - Pitching for Belleville Bulls : RHP Lawrence Parsons
Batting: RHB Chi-eun Mun 0-0: Called Strike
0-1: Ball
1-1: Foul Ball, location: 2F
1-2: Foul Ball, location: 2F
1-2: Foul Ball, location: 2F
1-2: Foul Ball, location: 2F
1-2: Foul Ball, location: 2F
1-2: Ball
2-2: Ground out 6-3 (Groundball, 6)
Batting: RHB Marvin Strickland 0-0: Ball
1-0: Foul Ball, location: 2F
1-1: Ground out 4-3 (Groundball, 4M)
Batting: RHB Tsuneari Hirano 0-0: Fly out, F9 (Flyball, 9LM)
Bottom of the 6th over - 0 runs, 0 hits, 0 errors, 0 left on base; Belleville 6 - Grim 8
TOP OF THE 7TH
Belleville Bulls batting - Pitching for Grim Reapers : RHP Troy Moore
Batting: RHB Kazunari Mizuno 0-0: Foul Ball, location: 2F
0-1: Ball
1-1: Ball
2-1: Ball
3-1: Called Strike
3-2: Foul Ball, location: 2F
3-2: Base on Balls
Batting: RHB Gary Goodwin 0-0: Ball
Kazunari Mizuno steals 2nd base
1-0: Ball
2-0: Foul Ball, location: 2F
2-1: Foul Ball, location: 2F
2-2: Strikes out swinging
Batting: RHB Cary Collins 0-0: Called Strike
0-1: Ball
1-1: Foul Ball, location: 2F
1-2: Strikes out swinging
Batting: LHB Juan Rodríguez 0-0: Called Strike
0-1: SINGLE (Groundball, 34D)
Kazunari Mizuno to third
Runner from 3rd tries for Home, SAFE, no throw
Batting: RHB Aron Cruickshank 0-0: Ball
1-0: Ground out 4-3 (Groundball, 34)
Top of the 7th over - 1 run, 1 hit, 0 errors, 1 left on base; Belleville 7 - Grim 8
BOTTOM OF THE 7TH
Grim Reapers batting - Pitching for Belleville Bulls : RHP Lawrence Parsons
Batting: SHB Tekkan Hayagawa 0-0: Foul Ball, location: 2F
0-1: Ball
1-1: Called Strike
1-2: Strikes out swinging
Batting: RHB Bearooz Yacoobi 0-0: Ball
1-0: Fly out, F3 (Popup, 34)
Batting: LHB Semo Hoaloha 0-0: Ball
1-0: Ball
2-0: Swinging Strike
2-1: Ball
3-1: Base on Balls
Pitching: RHP Hao Che
Pinch Hitting: SHB John Wilder 0-0: Called Strike
0-1: Ball
1-1: Called Strike
1-2: Foul Ball, location: 2F
1-2: Ball
2-2: Ball
3-2: Ground out 4-3 (Groundball, 4)
Bottom of the 7th over - 0 runs, 0 hits, 0 errors, 1 left on base; Belleville 7 - Grim 8
TOP OF THE 8TH
Belleville Bulls batting - Pitching for Grim Reapers : RHP Troy Moore
Now at 3B: Guo-liang Ye
Now in CF: Nelson Ross
Batting: RHB Yoshihide Hirata 0-0: Called Strike
0-1: Foul Ball, location: 2F
0-2: Ball
1-2: Ball
2-2: Foul Ball, location: 2F
2-2: Strikes out looking
Batting: SHB Júlio Moreno 0-0: Called Strike
0-1: DOUBLE (Flyball, 8RXD)
Pitching: RHP Leon Sorensen
Batting: RHB Glenn Curtis 0-0: Ball
1-0: Called Strike
1-1: Ball
2-1: Foul Ball, location: 2F
2-2: Foul Ball, location: 2F
2-2: Foul Ball, location: 2F
2-2: SINGLE (Groundball, 4MD)
Júlio Moreno to third
Runner from 3rd tries for Home, SAFE, no throw
Batting: RHB Rey McSriff 0-0: Ball
1-0: Foul Ball, location: 2F
1-1: Grounds into double play, 5-4-3 (Groundball, 56)
Top of the 8th over - 1 run, 2 hits, 0 errors, 0 left on base; Belleville 8 - Grim 8
BOTTOM OF THE 8TH
Grim Reapers batting - Pitching for Belleville Bulls : RHP Hao Che
Batting: SHB Takechi Yamashita 0-0: Ball
1-0: Ball
2-0: DOUBLE (Line Drive, 8RD)
Batting: RHB Joe Rodgers 0-0: Hit by Pitch
Batting: RHB Chi-eun Mun 0-0: Called Strike
0-1: Ball
1-1: Swinging Strike
1-2: Fly out, F8 (Flyball, 78M)
Batting: RHB Marvin Strickland 0-0: Ball
1-0: Ball
2-0: Ball
3-0: Base on Balls
Takechi Yamashita to third
Joe Rodgers to second
Batting: RHB Tsuneari Hirano 0-0: Called Strike
0-1: Foul Ball, location: 2F
0-2: Ball
1-2: Ball
2-2: Ball
3-2: Foul Ball, location: 2F
3-2: Strikes out looking
Batting: SHB Tekkan Hayagawa 0-0: Swinging Strike
0-1: Ball
1-1: Swinging Strike
1-2: Ball
2-2: Strikes out swinging
Bottom of the 8th over - 0 runs, 1 hit, 0 errors, 3 left on base; Belleville 8 - Grim 8
TOP OF THE 9TH
Belleville Bulls batting - Pitching for Grim Reapers : RHP Leon Sorensen
Pitching: RHP Jerry Magee
Batting: RHB Kazunari Mizuno 0-0: Foul Ball, location: 2F
0-1: Ball
1-1: Ball
2-1: Ball
3-1: Base on Balls
Batting: RHB Gary Goodwin 0-0: Called Strike
0-1: Foul Ball, location: 2F
0-2: Fielders Choice at 2nd, 1-6 (Groundball, 13)
Batting: RHB Cary Collins 0-0: Called Strike
0-1: Ball
1-1: Ball
2-1: Called Strike
2-2: Strikes out swinging
Batting: LHB Juan Rodríguez 0-0: Ball
1-0: Ball
2-0: Foul Ball, location: 2F
2-1: Ground out 3-1 (Groundball, 34)
Top of the 9th over - 0 runs, 0 hits, 0 errors, 1 left on base; Belleville 8 - Grim 8
BOTTOM OF THE 9TH
Grim Reapers batting - Pitching for Belleville Bulls : RHP Hao Che
Pitching: LHP Jeff McBride
Batting: SHB Guo-liang Ye 0-0: Ball
1-0: Foul Ball, location: 2F
1-1: Foul Ball, location: 2F
1-2: Ball
2-2: Foul Ball, location: 2F
2-2: Ball
3-2: Fly out, F9 (Flyball, 9S)
Batting: LHB Semo Hoaloha 0-0: Foul Ball, location: 2F
0-1: Fly out, F9 (Flyball, 9LDF)
Batting: RHB Nelson Ross 0-0: Ball
1-0: Ball
2-0: Foul Ball, location: 2F
2-1: Foul Ball, location: 2F
2-2: DOUBLE (Line Drive, 78XD)
Pinch Hitting: RHB Scott Pearson 0-0: Ball
Wild Pitch!
Nelson Ross to third
1-0: Ball
2-0: Foul Ball, location: 2F
2-1: Ball
3-1: Base on Balls
Batting: RHB Joe Rodgers 0-0: Foul Ball, location: 2F
0-1: Ball
1-1: Swinging Strike
1-2: Ball
2-2: Ball
3-2: Strikes out swinging
Bottom of the 9th over - 0 runs, 1 hit, 0 errors, 2 left on base; Belleville 8 - Grim 8
TOP OF THE 10TH
Belleville Bulls batting - Pitching for Grim Reapers : RHP Jerry Magee
Now at C: Scott Pearson
Batting: RHB Aron Cruickshank 0-0: Fly out, F8 (Flyball, 8LD)
Batting: RHB Yoshihide Hirata 0-0: Ball
1-0: Called Strike
1-1: Foul Ball, location: 2F
1-2: Ball
2-2: Strikes out swinging
Batting: SHB Júlio Moreno 0-0: Ball
1-0: Ball
2-0: Called Strike
2-1: Ball
3-1: Foul Ball, location: 2F
3-2: Strikes out looking
Top of the 10th over - 0 runs, 0 hits, 0 errors, 0 left on base; Belleville 8 - Grim 8
BOTTOM OF THE 10TH
Grim Reapers batting - Pitching for Belleville Bulls : LHP Jeff McBride
Pitching: RHP Lucho Pousa
Batting: RHB Chi-eun Mun 0-0: Ball
1-0: Swinging Strike
1-1: Swinging Strike
1-2: Ball
2-2: Foul Ball, location: 2F
2-2: Strikes out swinging
Batting: RHB Marvin Strickland 0-0: Called Strike
0-1: SINGLE (Groundball, 6MD)
Batting: RHB Tsuneari Hirano 0-0: Called Strike
0-1: Ball
1-1: Ball
Wild Pitch!
Marvin Strickland to second
2-1: Ground out 4-3 (Groundball, 34)
Marvin Strickland to third
Batting: SHB Tekkan Hayagawa 0-0: Ball
1-0: Called Strike
1-1: Ball
2-1: Ball
3-1: Base on Balls
Batting: SHB Guo-liang Ye 0-0: Called Strike
0-1: Called Strike
0-2: Foul Ball, location: 2F
0-2: Strikes out swinging
Bottom of the 10th over - 0 runs, 1 hit, 0 errors, 2 left on base; Belleville 8 - Grim 8
TOP OF THE 11TH
Belleville Bulls batting - Pitching for Grim Reapers : RHP Jerry Magee
Pitching: RHP Archie Hodges
Batting: RHB Glenn Curtis 0-0: Foul Ball, location: 2F
0-1: Ball
1-1: Ball
2-1: Fly out, F9 (Flyball, 9)
Batting: RHB Rey McSriff 0-0: Called Strike
0-1: Ball
1-1: Ball
2-1: Ball
3-1: Called Strike
3-2: Base on Balls
Batting: RHB Kazunari Mizuno 0-0: Called Strike
0-1: Foul Ball, location: 2F
0-2: Ball
1-2: Ball
2-2: Strikes out swinging
Batting: RHB Gary Goodwin 0-0: Called Strike
0-1: Swinging Strike
0-2: Strikes out swinging
Top of the 11th over - 0 runs, 0 hits, 0 errors, 1 left on base; Belleville 8 - Grim 8
BOTTOM OF THE 11TH
Grim Reapers batting - Pitching for Belleville Bulls : RHP Lucho Pousa
Batting: LHB Semo Hoaloha 0-0: Ball
1-0: Foul Ball, location: 2F
1-1: Foul Ball, location: 2F
1-2: Ball
2-2: Ball
3-2: Strikes out swinging
Batting: RHB Nelson Ross 0-0: Ball
1-0: Swinging Strike
1-1: Foul Ball, location: 2F
1-2: Strikes out swinging
Batting: RHB Scott Pearson 0-0: Called Strike
0-1: Hit by Pitch
Pitching: RHP Mario Galván
Batting: RHB Joe Rodgers 0-0: Called Strike
0-1: Ball
1-1: Called Strike
1-2: Foul Ball, location: 2F
1-2: Ground out 4-3 (Groundball, 4)
Bottom of the 11th over - 0 runs, 0 hits, 0 errors, 1 left on base; Belleville 8 - Grim 8
TOP OF THE 12TH
Belleville Bulls batting - Pitching for Grim Reapers : RHP Archie Hodges
Batting: RHB Cary Collins 0-0: Ball
1-0: Swinging Strike
1-1: Ball
2-1: Swinging Strike
2-2: Ground out 6-3 (Groundball, 6)
Batting: LHB Juan Rodríguez 0-0: Ball
1-0: Fly out, F7 (Flyball, 7LS)
Batting: RHB Aron Cruickshank 0-0: Swinging Strike
0-1: Ball
1-1: Foul Ball, location: 2F
1-2: Strikes out looking
Top of the 12th over - 0 runs, 0 hits, 0 errors, 0 left on base; Belleville 8 - Grim 8
BOTTOM OF THE 12TH
Grim Reapers batting - Pitching for Belleville Bulls : RHP Mario Galván
Batting: RHB Chi-eun Mun 0-0: Ball
1-0: Called Strike
1-1: Called Strike
1-2: Strikes out looking
Batting: RHB Marvin Strickland 0-0: Ball
1-0: Ball
2-0: Ball
3-0: Foul Ball, location: 2F
3-1: Base on Balls
Batting: RHB Tsuneari Hirano 0-0: DOUBLE (Flyball, 8LD)
Marvin Strickland to third
Batting: SHB Tekkan Hayagawa 0-0: Intentional Walk
Batting: SHB Guo-liang Ye 0-0: Ball
1-0: Ball
2-0: Called Strike
2-1: Ball
3-1: Base on Balls
Marvin Strickland scores
Tsuneari Hirano to third
Tekkan Hayagawa to second
Friday, March 29th, 2019 - OOTP Baseball 18.8 Build 76